 Dungeon Crawl Stone Soup version 0.28.0-53-g5a82cb258f (webtiles) character file.

Game seed: 3433884051090131263

19 Stomo the Cudgeller (level 2, -2/16 HPs)
             Began as a Vine Stalker Monk on June 30, 2022.
             Slain by a quokka (3 damage)
             ... on level 1 of the Dungeon.
             The game lasted 00:00:46 (621 turns).

Stomo the Cudgeller (Vine Stalker Monk)              Turns: 621, Time: 00:00:47

Health: -2/16      AC:  2    Str: 13    XL:     2   Next: 75%
Magic:  0/3        EV: 13    Int: 10    God:
Gold:   37         SH:  0    Dex: 16    Spells: 1/1 levels left

rFire   . . .      SeeInvis .   a - +0 mace
rCold   . . .      Faith    .   (no shield)
rNeg    . . .      Spirit   +   b - +0 robe
rPois   .          Reflect  .   (no helmet)
rElec   .          Harm     .   (no cloak)
rCorr   .          Rampage  .   (no gloves)
Will    .....                   (no boots)
Stlth   ++........              (no amulet)
HPRegen 0.05/turn               (no ring)
MPRegen 0.08/turn               (no ring)

@: no status effects
A: fangs 2, magic shield, antimagic bite, no potion heal 2
a: no special abilities


You were on level 1 of the Dungeon.
You visited 1 branch of the dungeon, and saw 1 of its levels.

You collected 37 gold pieces.

Inventory:

Hand Weapons
 a - a +0 mace (weapon)
Armour
 b - a +0 robe (worn)
Potions
 d - a potion of flight


   Skills:
 + Level 3.0 Fighting
 + Level 3.0 Maces & Flails
 + Level 2.7 Dodging
 - Level 2.4 Stealth


You had one spell level left.
You didn't know any spells.
Your spell library contained the following spells:

 Spells                   Type           Power      Damage    Failure   Level
 Pain                     Necr           0%         1d4       36%         1
 Agony                    Necr           0%         N/A       100%        5
 Excruciating Wounds      Necr           0%         N/A       100%        5


Dungeon Overview and Level Annotations

Branches:
Dungeon (1/15)

Altars:


Innate Abilities, Weirdness & Mutations

You have extremely sharp teeth.
When hurt, damage is shared between your health and your magic reserves.
Your bite disrupts and absorbs the magic of your enemies.
Potions cannot restore your health.


Message History

Unknown command.
The bat closely misses you. The ball python misses you. x2
The bat hits you but does no damage.
The dart slug bites the plant.
The plant begins to die.
The bat hits you but does no damage. The bat misses you.
The bat barely misses you. The bat completely misses you.
The bat barely misses you. The bat hits you but does no damage.
The bat barely misses you. The bat barely misses you.
The bat hits you but does no damage.
You see here a +0 robe.
The bat misses you. The quokka bites you.
* * * LOW HITPOINT WARNING * * *
You hit the bat but do no damage. The bat barely misses you.
The quokka bites you.
* * * LOW HITPOINT WARNING * * *
The bat misses you. The quokka completely misses you.
The bat closely misses you. x2
You thump the bat!
You kill the bat!
The ball python closely misses you. The ball python grabs you.
The ball python constricts you.
* * * LOW HITPOINT WARNING * * *
The quokka closely misses you. The ball python barely misses you.
The ball python constricts you.
You escape the ball python's grasp.
The quokka bites you.
* * * LOW HITPOINT WARNING * * *
As you read the scroll labelled FUOJA QURUECRI, it crumbles to dust.
It is a scroll of identify.
d - a potion of flight The ball python barely misses you. x2
Unknown command.
You hit the ball python.
You kill the ball python!
You closely miss the quokka. The quokka bites you.
You die...

..÷......)...............##......
........#####.###.#.......#......
....##..#####.##.^...###.........
....##..#........#.#.# #.#.......
..........###.####.#.# #.##......
....>#..#####.####...# #.##......
#.#.....# #..##..).## #.#.......
#.##....## #.###.#.## #.........
#.####...###.# #@#.# ##..#......
..# ##..#...###r#.# ##..........
.## #.........g..###..##)######
.# #..[..#.....###...##...## .#
#.......######..........## .#
#.....#..####............# .#
#...............>........# .#
#................†.......# .#
##...##....).............##


You could see a gnoll and a quokka.

Vanquished Creatures
  2 ball pythons (D:1)
  An endoplasm (D:1)
  2 goblins (D:1)
  A hobgoblin (D:1)
  4 kobolds (D:1)
  2 quokkas (D:1)
  2 bats (D:1)
  2 frilled lizards (D:1)
  3 rats (D:1)
19 creatures vanquished.

Vanquished Creatures (others)
  2 plants (D:1)
2 creatures vanquished.

Grand Total: 21 creatures vanquished

Notes
Turn   | Place    | Note
-------+----------+-------------------------------------------
     0 | D:1      | Stomo the Vine Stalker Monk began the quest for the Orb.
     0 | D:1      | Reached XP level 1. HP: 11/11 MP: 2/2
   299 | D:1      | Reached XP level 2. HP: 16/16 MP: 3/3
   621 | D:1      | Slain by a quokka

Illustrated notes

Levels and vault maps discovered:
D:1:      amcnicky_arrival_underground_garden, layout_rooms,
          hellmonk_ecumenical_altar_leap_of_faith, nicolae_grassy_gnolls

Skill      XL: |  1  2 |
---------------+-------+-----
Maces & Flails | 3 |  3.0
Fighting       | 3 |  3.0
Dodging        | |  2.7
Stealth        | |  2.4

Action                   || total
-------------------------++-------
Melee: Mace              ||    41
       Bite              ||     9
  Use: Scroll            ||     1
 Stab: Sleeping          ||     2
Armor: Robe              ||    15
Dodge: Dodged            ||    38
